 Dungeon Crawl Stone Soup version 0.28-a0-804-g60983d4ba9 (webtiles) character file.

Game seed: 4558285629767457304

155 vurker the Gusty (level 5, -3/22 HPs)
             Began as a Felid Air Elementalist on Nov 7, 2021.
             Slain by Duvessa (9 damage)
             ... on level 3 of the Dungeon.
             The game lasted 00:04:46 (5716 turns).

vurker the Gusty (Felid Air Elementalist)           Turns: 5716, Time: 00:04:47

Health: -3/22      AC:  1    Str:  4    XL:     5   Next: 14%
Magic:  11/11      EV: 17    Int: 18    God:
Gold:   118        SH:  0    Dex: 16    Spells: 6/11 levels left
                                        Lives:  0   Deaths: 1

rFire   . . .      SeeInvis +   (weapon unavailable)
rCold   . . .      Faith    .   (shield unavailable)
rNeg    . . .      Spirit   .   (armour unavailable)
rPois   .          Reflect  .   (helmet unavailable)
rElec   .          Harm     .   (cloak unavailable)
rCorr   .          Rampage  .   (gloves unavailable)
Will    .....                   (boots unavailable)
Stlth   ++........              (no amulet)
HPRegen 0.07/turn               (no ring)
MPRegen 0.12/turn               (no ring)

@: quick
A: very small, claws 1, fangs 3, see invisible, speed 1, shaggy fur 1, stealthy
paws, no weapons or thrown items, no armour, multi-lived
a: no special abilities


You were on level 3 of the Dungeon.
You visited 1 branch of the dungeon, and saw 4 of its levels.

You collected 118 gold pieces.

Inventory:

Wands
 t - a wand of flame (29)
   (You found it on level 2 of the Dungeon)
Scrolls
 a - a scroll of noise {unknown}
 d - 2 scrolls of immolation {unknown}
 e - a scroll of identify
 f - a scroll of summoning {unknown}
 g - a scroll of enchant weapon {unknown}
 h - a scroll of fog {unknown}
 l - a scroll of amnesia {unknown}
Potions
 b - a potion of degeneration {unknown}
 c - a potion of might
 i - a potion of lignification {unknown}
 j - a potion of ambrosia {unknown}
 k - a potion of invisibility {unknown}


   Skills:
 + Level 2.2 Fighting
 - Level 2.6 Dodging
 - Level 2.6 Stealth
 * Level 3.7 Spellcasting
 + Level 2.2 Conjurations
 * Level 4.2 Air Magic


You had 6 spell levels left.
You knew the following spells:

 Your Spells              Type           Power      Damage    Failure   Level
a - Shock                 Conj/Air       56%        1d6       4%          1
c - Airstrike             Air            9%         N/A       26%         4

Your spell library contained the following spells:

 Spells                   Type           Power      Damage    Failure   Level
 Static Discharge         Conj/Air       14%        N/A       6%          2
 Swiftness                Air            18%        N/A       9%          3
 Poisonous Vapours        Pois/Air       20%        N/A       10%         2
 Sting                    Tmut/Pois      12%        1d3       16%         1
 Olgreb's Toxic Radiance  Pois           3%         N/A       83%         4


Dungeon Overview and Level Annotations

Branches:
Dungeon (4/15)
 Temple: D:4-7

Altars:
Gozag

Shops:
D:2 =

Annotations:
D:3 2 runed translucent doors, Dowan, Duvessa


Innate Abilities, Weirdness & Mutations

You have sharp claws.
You have razor-sharp teeth.
You have supernaturally acute eyesight. (SInv)
You cover ground quickly. (Speed+)
You are covered in fur. (AC +1)
Your paws help you pounce on unaware monsters.
You are incapable of wielding weapons or throwing items.
You cannot wear armour.
You gain extra lives every three experience levels.


Message History

Aim: an orc wizard, wielding a +0 dagger and wearing a +0 robe (64% to hit)
The zap hits the orc wizard.
Aim: an orc wizard, wielding a +0 dagger and wearing a +0 robe (moderately wounded, 64% to hit)
The zap misses the orc wizard.
Aim: an orc wizard, wielding a +0 dagger and wearing a +0 robe (moderately wounded, 64% to hit)
The zap hits the orc wizard.
Aim: an orc wizard, wielding a +0 dagger and wearing a +0 robe (moderately wounded, 64% to hit)
The zap hits the orc wizard but does no damage.
The orc wizard hits you with a +0 dagger.
Dowan casts a spell.
Dowan blinks!
The orc wizard hits you with a +0 dagger.
You climb upwards.
Level annotation: 2 runed translucent doors
There is a stone staircase leading down here.
You miscast Shock.
You are very lightly contaminated with residual magic.
Nothing appears to happen.
The orc wizard hits you with a +0 dagger.
The zap hits the orc wizard.
The zap misses the orc wizard.
The orc wizard casts a spell at you. You resist with some effort.
The zap hits the orc wizard. x2
You kill the orc wizard!
Welcome back to level 5!
You can't see any susceptible monsters within range! (Use Z to cast anyway.)
Your magical contamination has completely faded away.
You now have 118 gold pieces (gained 14).
Things that are here:
a +0 dagger; a +0 robe; an orc corpse
There is a stone staircase leading down here.
There is an open door here.
Could not explore, unopened runed door.
There is an open door here.
There is a stone staircase leading down here.
You climb downwards.
Level annotation: Dowan, Duvessa Dowan hits you with a +0 dagger.
Duvessa hits you with a +0 rapier.
There is a stone staircase leading up here.
Dowan barely misses you. Duvessa hits you with a +0 rapier!
Ouch! That really hurt!
* * * LOW HITPOINT WARNING * * *
You climb upwards.
Level annotation: 2 runed translucent doors
There is a stone staircase leading down here.
As you read the scroll labelled NOPPAHA TACEULLO, it crumbles to dust.
It is a scroll of identify.
c - a potion of might Dowan closely misses you.
Duvessa hits you with a +0 rapier!
You die...

..†...# ##########.#####
#####.# #.......##......
#####.# #.#####.##.##.##
......# #####.# #.##.#..#
####### #...#.# #.##.#.##
#...#.# #.##.#.#
##############...#.#####.##.#.#
.................[.......##.#.#
................@e..........#.#
..........####..e#.##########.#
.######...# ####.......[...#.#
.######...# ### #..########.#.#
..........# #.# #........##.#.#
..........# #.# #.######.##.#.#
#######...# #.# #......#.##)#.#
.... ##..###.# #.#..#.#.##.#.#
#..# #......# #.#..#.#.##.#.#


You could see Duvessa and Dowan.

Vanquished Creatures
  Natasha (thrice) (D:2)
  2 orc wizards
  Terence (D:3)
  5 adders
  A worm (D:3)
  2 dart slugs
  An orc (D:4)
  7 ball pythons
  5 endoplasms
  6 giant cockroaches
  9 goblins
  7 hobgoblins
  6 jackals
  4 quokkas
  7 bats
  6 frilled lizards
  6 kobolds
  6 rats
84 creatures vanquished.

Notes
Turn   | Place    | Note
-------+----------+-------------------------------------------
     0 | D:1      | vurker the Felid Air Elementalist began the quest for the
                  | Orb.
     0 | D:1      | Reached XP level 1. HP: 7/7 MP: 4/4
    76 | D:1      | Reached skill level 1 in Conjurations
   218 | D:1      | Reached XP level 2. HP: 5/12 MP: 0/6
   498 | D:1      | Reached skill level 3 in Air Magic
   536 | D:1      | Found a faded altar of an unknown god.
   846 | D:1      | Reached skill level 1 in Fighting
  1307 | D:2      | Reached XP level 3. HP: 15/15 MP: 2/7
  1900 | D:2      | Found Wuiluiqy's Jewellery Emporium.
  2175 | D:2      | Noticed Natasha
  2180 | D:2      | Killed Natasha
  2181 | D:2      | Reached XP level 4. HP: 1/19 MP: 3/9
  2607 | D:2      | Noticed Natasha
  2615 | D:2      | Killed Natasha
  3006 | D:2      | Noticed Natasha
  3012 | D:2      | Killed Natasha
  3013 | D:2      | Reached XP level 5. HP: 10/22 MP: 5/10
  3510 | D:3      | Noticed Terence
  4104 | D:3      | Killed Terence
  4158 | D:3      | Learned a level 4 spell: Airstrike
  4450 | D:3      | Reached skill level 4 in Air Magic
  4659 | D:3      | Found a large runed translucent door.
  4660 | D:3      | Found a large runed translucent door.
  5167 | D:4      | Found an opulent altar of Gozag.
  5307 | D:4      | Killed from afar by an orc wizard
  5308 | D:4      | Reached XP level 4. HP: 0/19 MP: 3/10
  5331 | D:4      | Noticed Dowan
  5331 | D:4      | Noticed Duvessa
  5544 | D:3      | Reached XP level 5. HP: 13/22 MP: 3/11
  5716 | D:3      | Slain by Duvessa

Illustrated notes

Levels and vault maps discovered:
D:1:      dpeg_arrival_stonehenge_8_columns, layout_basic,
          hellmonk_ecumenical_altar_dog_temple
D:2:      minmay_razor_zed, layout_basic, serial_shops, nicolae_shop_trees,
          minmay_stone_trees_medium, dk_noncrumbling_4,
          grunt_decor_mini_mirrors, glass_columns_a, uniq_natasha
D:3:      layout_basic, jmf_multi_god_temple2, uniq_terence
D:4:      layout_loops_ring, nicolae_sif_muna_little_library,
          mainiacjoe_overflow_concentric_impassable, minmay_manual_maat,
          uniq_duvessa

Skill      XL: |  1  2  3  4  5 |
---------------+----------------+-----
Conjurations   | 1 2 |  2.2
Air Magic      | 3 4 |  4.2
Fighting       | 1 2 |  2.2
Spellcasting   | 3 |  3.7
Dodging        | |  2.6
Stealth        | |  2.6

Action                   |  1- 3 |  4- 6 || total
-------------------------+-------+-------++-------
Melee: Unarmed           |     8 |     2 ||    10
 Cast: Shock             |    92 |   112 ||   204
  Use: Scroll            |       |     1 ||     1
Armor: Skin              |     1 |     1 ||     2
Dodge: Dodged            |    17 |    23 ||    40

Table legend: (Time is in decaauts)
 A = Elapsed time spent in this place.
 B = Non-inter-level travel time spent in this place.
 C = Inter-level travel time spent in this place.
 D = Time resting spent in this place.
 E = Time spent auto-exploring this place.
 F = Levels seen in this place.
 G = Mean time per level.
                   A        B        C        D        E       F      G
               +--------+--------+--------+--------+--------+-----+--------+
         Total |   5217 |   5087 |    130 |    567 |   4054 |   4 | 1304.2 |
       Dungeon |   5217 |   5087 |    130 |    567 |   4054 |   4 | 1304.2 |
               +--------+--------+--------+--------+--------+-----+--------+

Top non-repeatable levels by time:
     D:2: 2573 daAuts
     D:3: 1398 daAuts
     D:1: 1071 daAuts
     D:4: 174 daAuts
